 Dungeon Crawl Stone Soup version 0.22-a0-351-g29664b4 (webtiles) character file.

8813 kidcy the Thaumaturge (level 11, 0/97 HPs)
             Began as a Deep Elf Wizard on Apr 13, 2018.
             Succumbed to a spiny frog's poison
             ... while paralysed
             ... on level 1 of the Lair of Beasts.
             The game lasted 00:44:33 (14164 turns).

kidcy the Thaumaturge (Deep Elf Wizard)            Turns: 14164, Time: 00:44:34

Health: 0/97       AC:  4    Str:  9    XL:     11   Next: 14%
Magic:  38/38      EV:  2    Int: 27    God:
Gold:   411        SH:  0    Dex: 18    Spells: 16/34 levels left

rFire    . . .     SeeInvis .   l - +4 short sword (pierce)
rCold    . . .     Gourm    .   (no shield)
rNeg     . . .     Faith    .   a - +0 robe
rPois    .         Spirit   .   w - +0 helmet
rElec    .         Reflect  +   q - scarf {cloud immunity}
rCorr    .         Harm     .   y - +0 pair of gloves
MR       +....                  (no boots)
Stlth    ..........             u - +3 amulet of reflection
HPRegen  0.26/turn              k - ring of magical power
MPRegen  0.26/turn              (no ring)

@: paralysed, mighty, agile, berserking (expiring), lethally poisoned (0 -> -4),
fainting
A: no striking features
a: no special abilities


You were on level 1 of the Lair of Beasts.
You were fainting.

You visited 3 branches of the dungeon, and saw 14 of its levels.
You also visited: Ossuary.

You collected 701 gold pieces.
You spent 138 gold pieces at shops.
You paid 152 gold pieces to Gozag.

Inventory:

Hand Weapons
 l - a +4 short sword of piercing (weapon)
Missiles
 D - a throwing net (quivered)
Armour
 a - a +0 robe (worn)
 q - a scarf of cloud immunity (worn)
 w - a +0 helmet (worn)
 y - a +0 pair of gloves (worn)
Magical Staves
 d - an uncursed staff of summoning
Jewellery
 k - a ring of magical power (left hand)
 u - a +3 amulet of reflection (around neck)
Wands
 e - a wand of flame (56)
 s - a wand of acid (9)
 x - a wand of clouds (5)
 A - a wand of polymorph (16)
 E - a wand of disintegration (19)
 F - a wand of enslavement (31)
Scrolls
 c - 5 scrolls of remove curse
 r - 2 scrolls of enchant armour
 v - 7 scrolls of identify
 B - 2 scrolls of enchant weapon
Potions
 h - 3 potions of mutation
 j - a potion of berserk rage
 m - 4 potions of flight
 n - 4 potions of lignification


   Skills:
 + Level 6.3 Fighting
 - Level 4.9 Armour
 - Level 5.0 Dodging
 - Level 2.4 Stealth
 + Level 12.1 Spellcasting
 + Level 10.9 Conjurations
   Level 1.1 Summonings
 - Level 1.1 Translocations
 * Level 3.8 Fire Magic


You had 16 spell levels left.
You knew the following spells:

 Your Spells              Type           Power        Failure   Level  Hunger
a - Magic Dart            Conj           ####         1%          1    None
b - Blink                 Tloc           N/A          3%          2    None
c - Conjure Flame         Conj/Fire      ######..     1%          3    None
d - Mephitic Cloud        Conj/Pois/Air  #####...     2%          3    None
e - Sticky Flame          Conj/Fire      ######..     1%          4    None
f - Fireball              Conj/Fire      ######....   4%          5    ###....


Dungeon Overview and Level Annotations

Branches:
Dungeon (11/15)            Temple (1/1) D:5            Lair (2/6) D:9
    Orc (0/2) D:10
  Swamp: Lair:2-4    Shoals: Lair:2-4     Snake: Lair:2-4    Spider: Lair:2-4

Altars:
Ashenzari
Cheibriados
Dithmenos
Elyvilon
Fedhas
Gozag
Hepliaklqana
Kikubaaqudgha
Makhleb
Nemelex Xobeh
Okawaru
Qazlal
Ru
Sif Muna
Trog
Uskayaw
Vehumet
Wu Jian
Xom
Yredelemnul
Zin
The Shining One

Shops:
D:4 **?   D:9 *

Annotations:
D:8 Psyche


Message History

* * * LOW HITPOINT WARNING * * *
You feel sick.
You barely miss the spiny frog.
The spiny frog is severely wounded.
* * * LOW HITPOINT WARNING * * *
You feel sick. The spiny frog misses you.
You puncture the spiny frog!
You kill the spiny frog!
* * * LOW HITPOINT WARNING * * *
You feel sick.
You see here a spiny frog corpse.
The spiny frog corpse isn't edible.
You aren't carrying any food.
You aren't carrying any food.
You aren't carrying any food.
You feel a strong urge to attack something.
You lose consciousness!
* * * LOW HITPOINT WARNING * * *
You feel sick.
You die...

##
###.##############
#.........>.......
#..............##.
#......PP###...#
#.[....$P..# .##
#.......'..#..##
##......#......#
#......+@.#..##
#####..†..#..#
#..#### .. #...
#... #.... #....
#.#### #.


There were no monsters in sight!

Vanquished Creatures
  A two-headed ogre (D:9)
  A merfolk siren (Lair:2)
  A spiny frog (Lair:1)
  A troll (D:9)
  Prince Ribbit (D:8)
  2 wyverns
  A wraith (D:10)
  11 yaks
  A hungry ghost (D:8)
  3 wargs (D:9)
  A water moccasin (Lair:1)
  2 soldier ants (D:8)
  Duvessa (D:6)
  A black bear (D:10)
  An orc warrior (D:6)
  2 ice beasts
  2 sky beasts
  A necrophage (D:8)
  4 ogres
  3 centaurs
  2 phantoms
  A wolf (D:9)
  An elf zombie (Ossuary)
  8 bullfrogs
  A wyvern skeleton (D:7)
  A gnoll sergeant (D:6)
  Dowan (D:7)
  3 scorpions
  6 wights
  A howler monkey (D:5)
  7 crimson imps
  A bullfrog zombie (D:5)
  A human zombie (Ossuary)
  8 orc priests
  A centaur zombie (D:7)
  A gnoll shaman (D:7)
  2 jellies
  2 bullfrog skeletons
  2 hounds
  6 orc wizards
  Crazy Yiuf (D:3)
  An iron imp (D:8)
  Ijyb (D:5)
  2 iguanas
  6 worker ants
  2 big kobold zombies (Ossuary)
  3 hound zombies
  A hound skeleton (D:7)
  3 mummies (Ossuary)
  7 adders
  11 gnolls
  2 shadow imps
  2 ufetubi (D:9)
  5 adder zombies
  3 adder skeletons
  3 worms
  4 dart slugs
  8 leopard geckos
  23 orcs
  6 giant cockroaches
  5 gnoll zombies
  6 goblins
  3 hobgoblins
  6 jackals
  5 quokkas
  6 bats
  12 frilled lizards
  4 goblin zombies (Ossuary)
  3 hobgoblin zombies (Ossuary)
  5 jackal zombies (Ossuary)
  6 kobolds
  A kobold zombie (Ossuary)
  A leopard gecko skeleton (D:5)
  An orc zombie (Ossuary)
  3 quokka zombies (Ossuary)
  11 rats
  5 rat zombies (Ossuary)
274 creatures vanquished.

Vanquished Creatures (others)
  2 fungi (Lair:1)
  5 plants (D:4)
7 creatures vanquished.

Grand Total: 281 creatures vanquished

Notes
Turn   | Place    | Note
-------+----------+-------------------------------------------
     0 | D:1      | kidcy the Deep Elf Wizard began the quest for the Orb.
     0 | D:1      | Reached XP level 1. HP: 10/10 MP: 7/7
   332 | D:1      | Reached XP level 2. HP: 15/15 MP: 6/9
   362 | D:1      | Learned a level 2 spell: Blink
  1123 | D:2      | Reached skill level 5 in Spellcasting
  1123 | D:2      | Reached XP level 3. HP: 19/19 MP: 2/11
  1159 | D:2      | Learned a level 3 spell: Conjure Flame
  1409 | D:2      | Found a sparkling altar of Nemelex Xobeh.
  1808 | D:3      | Noticed an ogre
  1819 | D:3      | Killed an ogre
  1819 | D:3      | Reached XP level 4. HP: 24/24 MP: 0/13
  1819 | D:3      | Reached XP level 5. HP: 28/28 MP: 0/15
  1967 | D:3      | Found an ancient bone altar of Kikubaaqudgha.
  1998 | D:3      | Learned a level 3 spell: Mephitic Cloud
  2721 | D:3      | Found a runed door.
  2984 | D:3      | Noticed Crazy Yiuf
  2990 | D:3      | Killed Crazy Yiuf
  2990 | D:3      | Reached skill level 6 in Spellcasting
  2990 | D:3      | Reached skill level 5 in Conjurations
  3105 | D:4      | Found a radiant altar of Vehumet.
  3122 | D:4      | Noticed an ogre
  3456 | D:3      | Killed an ogre
  3456 | D:3      | Reached XP level 6. HP: 32/32 MP: 3/17
  3638 | D:4      | Found Ruxoetaf's General Store.
  3713 | D:4      | Found Pyopn's Magic Scroll Boutique.
  3945 | D:4      | Bought a scroll of identify for 22 gold pieces
  4293 | D:4      | Bought a scroll of enchant armour for 90 gold pieces
  4305 | D:4      | Found Vaulo's Assorted Antiques.
  4357 | D:4      | Reached skill level 7 in Spellcasting
  4715 | D:5      | Entered Level 5 of the Dungeon
  4721 | D:5      | Found a staircase to the Ecumenical Temple.
  4758 | D:5      | Reached XP level 7. HP: 21/36 MP: 19/19
  4760 | Temple   | Entered the Ecumenical Temple
  5036 | D:5      | Found a white marble altar of Elyvilon.
  5362 | D:5      | Reached skill level 1 in Fighting
  5362 | D:5      | Reached skill level 1 in Armour
  5456 | D:5      | Noticed Ijyb
  5481 | D:5      | Killed Ijyb
  6010 | D:5      | Found a basalt altar of Yredelemnul.
  6112 | D:5      | Reached skill level 8 in Spellcasting
  6112 | D:5      | Reached XP level 8. HP: 25/43 MP: 21/22
  6407 | D:6      | Found a deep blue altar of Sif Muna.
  6483 | D:6      | Found a sparkling altar of Nemelex Xobeh.
  6519 | D:6      | Found a sacrificial altar of Ru.
  6768 | D:6      | Found a shimmering altar of Xom.
  6878 | D:6      | Found a snail-covered altar of Cheibriados.
  7158 | D:6      | Found a blossoming altar of Fedhas.
  7307 | D:6      | Reached skill level 9 in Spellcasting
  7437 | D:6      | Found a shimmering altar of Xom.
  7643 | D:7      | Found a sand-covered staircase.
  7668 | Ossuary  | Entered an ossuary
  8311 | Ossuary  | Reached XP level 9. HP: 51/51 MP: 21/24
  8992 | D:7      | Noticed Duvessa
  8995 | D:7      | Noticed Dowan
  9033 | D:7      | Killed Dowan
 10137 | D:8      | Reached skill level 10 in Spellcasting
 10291 | D:8      | Found a snail-covered altar of Cheibriados.
 10396 | D:8      | Noticed Psyche
 10828 | D:6      | Killed Duvessa
 11059 | D:8      | Noticed Prince Ribbit
 11080 | D:8      | Killed Prince Ribbit
 11080 | D:8      | Reached XP level 10. HP: 57/57 MP: 22/26
 11192 | D:8      | Reached skill level 5 in Fighting
 11643 | D:9      | Found a shadowy altar of Dithmenos.
 11667 | D:9      | Reached skill level 10 in Conjurations
 11672 | D:9      | Reached skill level 11 in Spellcasting
 11696 | D:9      | Found a staircase to the Lair.
 11986 | D:9      | Found an opulent altar of Gozag.
 12371 | D:9      | Became a worshipper of Gozag Ym Sagoz the Greedy
 12469 | D:9      | Found Bicoluin's General Store.
 12477 | D:9      | Bought a scroll of identify for 26 gold pieces
 12485 | D:9      | Noticed a two-headed ogre
 12497 | D:9      | Killed a two-headed ogre
 12642 | D:9      | Reached skill level 5 in Dodging
 12903 | D:9      | Identified a scroll of acquirement
 12912 | D:9      | Learned a level 4 spell: Sticky Flame
 12918 | D:9      | Learned a level 5 spell: Fireball
 12978 | D:10     | Entered Level 10 of the Dungeon
 13321 | D:10     | Reached skill level 1 in Fire Magic
 13645 | D:10     | Reached skill level 12 in Spellcasting
 13645 | D:10     | Reached XP level 11. HP: 63/63 MP: 10/29
 13781 | D:10     | Found a staircase to the Orcish Mines.
 13781 | D:10     | Noticed a four-headed hydra
 14028 | Lair:1   | Entered Level 1 of the Lair of Beasts
 14035 | Lair:1   | Noticed an eight-headed hydra
 14107 | Lair:2   | Paralysed by fainting for 10 turns
 14117 | Lair:2   | Fell from the grace of Gozag
 14158 | Lair:1   | HP: 4/96 [poisoned by a spiny frog]
 14163 | Lair:1   | Paralysed by fainting for 7 turns
 14163 | Lair:1   | HP: 1/97 [poisoned by a spiny frog]
 14164 | Lair:1   | Succumbed to a spiny frog's poison

Vault maps used:
D:1:      dpeg_arrival_houses_and_road
D:2:      eino_curves_02, corexii_leaking_fountain, nemelex_diamond_rough_becter
D:3:      overflow_temple_1_default, uniq_crazy_yiuf_cottage
D:4:      vehumet_altar_wand_db, serial_shops, shop_scrolls,
          nicolae_shop_waterfront, nicolae_shop_behind_doors, minmay_lizard_king
D:5:      overflow_temple_1_default, lemuel_zombie_altar_yredelemnul,
          minmay_temple_entry_butterflies, first_ration, kennysheep_potato,
          uniq_ijyb
D:6:      tgw_xom, fedhas_altar_2, led_sif_book, lemuel_doored_altar,
          nemelex_xobeh_ov_fountains_minmay, hangedman_feature_mirror,
          kennysheep_decorative_pillar
D:7:      nicolae_ossuary_entry_false_entrances, uniq_duvessa
D:8:      slow_altar_2, hangedman_pestilent_swarm, grunt_ministairs_8,
          uniq_psyche, uniq_prince_ribbit1
D:9:      grunt_gozag_breadcrumbs, nicolae_overflow_crystal_walls,
          erik_lair_orcish_takeover, serial_shops, shop, serial_ice,
          serial_ice_a, serial_ice_b, serial_ice_e, serial_ice_n
D:10:     orc_0_dummy
D:11:     lemuel_old_faithful
Temple:   jpeg_temple_alley_garden
Lair:1:   nicolae_volcano_entry_batcave, uniq_sonja, uniq_gastronok
Lair:2:   minmay_shoals_entry_lonely_mermaid, dummy_snake_entry,
          serial_bayou_shore_a
Ossuary:  minmay_ossuary_two_tombs

Skill      XL: |  1  2  3  4  5  6  7  8  9 10 11 |
---------------+----------------------------------+-----
Conjurations   | 2 4 5 6 7 8 9 10 | 10.9
Spellcasting   | 5 6 7 8 9 10 12 | 12.1
Fighting       | 1 3 4 6 |  6.3
Armour         | 1 3 4 |  4.9
Dodging        | 5 |  5.0
Fire Magic     | 2 3 |  3.8
Stealth        | |  2.4
Summonings     | |  1.1
Translocations | |  1.1

Action                   |  1- 3 |  4- 6 |  7- 9 | 10-12 || total
-------------------------+-------+-------+-------+-------++-------
Melee: Dagger            |     5 |    13 |       |       ||    18
       Short sword       |       |       |    23 |    40 ||    63
       Unarmed           |       |       |     7 |       ||     7
 Cast: Magic Dart        |    86 |   134 |   661 |   247 ||  1128
       Blink             |     1 |    12 |    35 |    22 ||    70
       Conjure Flame     |     1 |    10 |    47 |    15 ||    73
       Mephitic Cloud    |       |    10 |    25 |    13 ||    48
       Fireball          |       |       |       |     9 ||     9
       Sticky Flame      |       |       |       |     8 ||     8
Invok: Renounce Religion |       |       |       |     1 ||     1
Evoke: Wand              |       |       |       |     9 ||     9
  Use: Scroll            |       |    14 |     8 |     8 ||    30
       Potion            |       |       |     2 |    14 ||    16
  Eat: Chunk             |     2 |     5 |    10 |     4 ||    21
       Ration            |       |     2 |     2 |     1 ||     5
Armor: Robe              |     1 |     1 |    21 |    10 ||    33
       Skin              |       |       |     6 |       ||     6
Dodge: Dodged            |    12 |    39 |    93 |    74 ||   218
Block: Other             |       |       |     2 |    16 ||    18
       Reflection        |       |       |       |     1 ||     1

Table legend:
 A = Spawn XP
 B = Non-spawn XP
 C = Spawn XP percentage of total XP
 D = Spawn monster count
 E = Non-spawn monster count
 F = Spawn count percentage of total count
 G = Total turns spent on level
                    A         B        C        D         E        F      G
               +---------+---------+-------+---------+---------+-------+---------
         Total |       0 |   12591 |   0.0 |       0 |     274 |   0.0 | 14164
               +---------+---------+-------+---------+---------+-------+---------
           D:1 |       0 |      16 |   0.0 |       0 |      11 |   0.0 |   739
           D:2 |       0 |      53 |   0.0 |       0 |      19 |   0.0 |   980
           D:3 |       0 |     371 |   0.0 |       0 |      23 |   0.0 |  1903
           D:4 |       0 |     264 |   0.0 |       0 |      27 |   0.0 |  1093
           D:5 |       0 |     742 |   0.0 |       0 |      24 |   0.0 |  1404
           D:6 |       0 |    1160 |   0.0 |       0 |      36 |   0.0 |  1748
           D:7 |       0 |    1147 |   0.0 |       0 |      24 |   0.0 |  1668
           D:8 |       0 |    2344 |   0.0 |       0 |      30 |   0.0 |  1202
           D:9 |       0 |    2996 |   0.0 |       0 |      25 |   0.0 |  1411
          D:10 |       0 |    2100 |   0.0 |       0 |      14 |   0.0 |   983
        Lair:1 |       0 |     581 |   0.0 |       0 |       2 |   0.0 |    75
        Lair:2 |       0 |     481 |   0.0 |       0 |       1 |   0.0 |    61
       Ossuary |       0 |     336 |   0.0 |       0 |      38 |   0.0 |   719
               +---------+---------+-------+---------+---------+-------+---------
